Map: Simulacrum LE

Players

TYTY (TY) - Winner!

  • Race: Terran Terran
  • League: Grandmaster
  • Spawn Location: 5:00

SpeCial

  • Race: Terran Terran
  • League: Master
  • Spawn Location: 11:00

Event: Shopify TSL 5

VOD

Have the link to the VOD?

Description

Time

  • Played on: May 30, 2020, 9:35 a.m.
  • Length: 3:16

All games in this series

Show
View Real Time Build Order
Export as new Build Order

TYTY Terran - Winner!

Build Orders:  

Get SALT Encoding   

  12  0:00  SCV  
  13  0:12  SCV  
  14  0:17  Supply Depot  
  14  0:39  Barracks  
  14  0:41  Refinery  
  14  0:53  Barracks  
  14  0:57  SCV  
  15  1:10  SCV  
  17  1:26  Reaper, Orbital Command  
  17  1:30  Refinery  
  17  1:41  Reaper  
  18  1:50  Supply Depot  
  18  1:53  SCV  
  19  1:58  Reaper  
  20  2:05  SCV  
  21  2:11  Bunker  
  21  2:18  Reaper  
  21  2:20  SCV  
  22  2:30  Reaper  
  22  2:32  SCV  
  24  2:38  Factory  
  25  2:44  SCV  
  26  3:04  SCV  
Show
View Real Time Build Order
Export as new Build Order

SpeCial Terran 

Build Orders: Gas First Reaper Expand 

Get SALT Encoding   

  12  0:01  SCV  
  13  0:13  SCV  
  14  0:17  Supply Depot  
  14  0:25  SCV  
  14  0:27  Refinery  
  15  0:38  SCV  
  16  0:45  Barracks  
  16  0:50  SCV  
  17  1:02  SCV  
  18  1:14  SCV  
  19  1:32  Reaper, Orbital Command  
  20  1:45  Command Center  
  20  1:58  SCV  
  20  2:00  Factory  
  21  2:06  Marine  
  22  2:11  SCV, Supply Depot  
  23  2:27  Marine  
  23  2:29  SCV  
  22  2:41  SCV  
  23  2:45  Marine  
  23  2:53  SCV  
Tags
 
Add a new tag
Caveats
  • Supply blocks, unpowered buildings, or Contaminate may cause inaccurate times.
  • Supply counts are checked every 10 seconds.